 Dungeon Sprint DCSS version 0.18-a0-125-g4c9da24 (webtiles) character file.

4582 Kidiri the Grappler (level 10, -2/110 HPs)
             Began as a Troll Monk on Nov 21, 2015.
             Was the Champion of Qazlal.
             Slain by a merfolk
             ... wielding a +1 trident of flaming
              (10 damage)
             ... in the Dungeon (Sprint VII: "The Pits").
             The game lasted 00:08:12 (809 turns).

Kidiri the Grappler (Troll Monk)                     Turns: 809, Time: 00:08:12

Health: -2/110     AC:  8    Str: 21    XL:     10   Next: 18%
Magic:  13/13      EV: 17    Int:  9    God:    Qazlal [******]
Gold:   0          SH:  8    Dex: 18    Spells: 0 memorised, 9 levels left

rFire  . . .     SeeInvis .       - Unarmed
rCold  . . .     Clarity  .     a - +0 robe
rNeg   . . .     SustAt   .     (no shield)
rPois  .         Gourm    +     (helmet restricted)
rElec  .         Spirit   .     (no cloak)
rCorr  .         Warding  .     (gloves unavailable)
rMut   .         NoTele   +     (boots unavailable)
MR     .....                    (no amulet)
Stlth  +.........               r - +3 ring of intelligence
                                q - +3 ring of dexterity

@: protected from physical damage, repel missiles, not resistant to hostile
enchantments, very unstealthy
A: unfitting armour, claws 3, fast metabolism 3, gourmand, regeneration 2,
shaggy fur 1, tough skin 2
a: Upheaval, Elemental Force, Disaster Area, Renounce Religion


You were in the Dungeon.
You worshipped Qazlal.
Qazlal was exalted by your worship.
You were completely stuffed.

You visited 1 branch

Inventory:

Missiles
 l - 8 stones (quivered)
Armour
 a - a +0 robe (worn)
Jewellery
 q - a +3 ring of dexterity (left claw)
 r - a +3 ring of intelligence (right claw)
Scrolls
 h - a scroll of blinking
 m - 2 scrolls of remove curse
 n - 5 scrolls of amnesia
 o - a scroll of summoning
Potions
 c - 7 potions of curing
 d - 11 potions of heal wounds
 e - a potion of haste
 f - 4 potions of magic
 g - 4 potions of berserk rage
 k - 2 potions of invisibility
 s - a potion of brilliance
 t - a potion of cure mutation
Comestibles
 b - 9 bread rations
 i - 40 fruits
 j - 7 meat rations
 p - 17 chunks of flesh


   Skills:
 * Level 10.2 Fighting
 + Level 7.5 Throwing
 + Level 6.7 Armour
 * Level 10.2 Dodging
 - Level 1.1 Stealth
 * Level 12.2 Unarmed Combat
 + Level 6.6 Invocations


You had 9 spell levels left.
You didn't know any spells.

Dungeon Overview and Level Annotations

Branches:
Dungeon (1/1)

Altars:
Ashenzari
Cheibriados
Dithmenos
Elyvilon
Fedhas
Gozag
Kikubaaqudgha
Makhleb
Nemelex Xobeh
Okawaru
Qazlal
Ru
Sif Muna
Trog
Vehumet
Xom
Yredelemnul
Zin
The Shining One
Beogh
Jiyva
Lugonu


Innate Abilities, Weirdness & Mutations

You are too large for most types of armour.
You have claws for hands.
Your metabolism is lightning-fast.
You like to eat raw meat.
You heal very quickly.
You are covered in fur (AC +1).
You have very tough skin (AC +2).


Message History

Okay, then.
Unknown command.
Unknown command.
Unknown command.
Unknown command.
Unknown command.
Unknown command.
Unknown command.
Unknown command.
Unknown command.
Unknown command.
Unknown command.
Drink which item? (? for menu, Esc to quit)
You feel much better. The crocodile barely misses you.
The two-headed ogre hits you with a giant spiked club!!
* * * LOW HITPOINT WARNING * * *
The two-headed ogre hits you with a giant club!
* * * LOW HITPOINT WARNING * * *
The merfolk hits you from afar with a trident of flaming!
You die...

......##'%#
......##..# ...
......##..# #'#
..<...##..# ##.##
......##..# ##...##
......##..####)....#
......##...##).§.§.#
########....').tO§§+
########...##).§@§.#
.#..[[##..####..§§.#
.#..[[##..# ##§rm##
)+.§))##..# ##.##
.#..))##..# #s#
.#..))##..# ...
########### ###


You could see a merfolk, a two-headed ogre, a crocodile, a scorpion and a
quokka.

Vanquished Creatures
  An orc high priest (D)
  A lindwurm (D)
  An orc knight (D)
  An orc sorcerer (D)
  A black mamba (D)
  A kobold demonologist (D)
  A polar bear (D)
  A jumping spider (D)
  A boulder beetle (D)
  A fire bat (D)
  A basilisk (D)
  4 wargs (D)
  Purgy (D)
  A phantom (D)
  An ogre (D)
  A necrophage (D)
  An orc warrior (D)
  A brain worm (D)
  A gnoll sergeant (D)
  A crimson imp (D)
  A gnoll shaman (D)
  An orc wizard (D)
  3 orc priests (D)
  A white imp (D)
  2 giant eyeballs (D)
  An ufetubus (D)
  5 orcs (D)
  A bat zombie (D)
  4 jackals (D)
  A quokka (D)
  2 bats (D)
  A giant newt (D)
  A kobold (D)
47 creatures vanquished.

Vanquished Creatures (others)
  An orc (D)
1 creature vanquished.

Grand Total: 48 creatures vanquished

Notes
Turn   | Place    | Note
--------------------------------------------------------------
     0 | D        | Kidiri the Troll Monk began the quest for the Orb.
     0 | D        | Reached XP level 1. HP: 22/22 MP: 0/0
    26 | D        | Found a sacrificial altar of Ru.
    26 | D        | Found a basalt altar of Yredelemnul.
    26 | D        | Found a shadowy altar of Dithmenos.
    26 | D        | Found a deep blue altar of Sif Muna.
    26 | D        | Found a burning altar of Makhleb.
    26 | D        | Found a shimmering altar of Xom.
    26 | D        | Found an ancient bone altar of Kikubaaqudgha.
    26 | D        | Found a sparkling altar of Nemelex Xobeh.
    27 | D        | Found a glowing golden altar of the Shining One.
    27 | D        | Found a bloodstained altar of Trog.
    27 | D        | Found a shattered altar of Ashenzari.
    27 | D        | Found a white marble altar of Elyvilon.
    27 | D        | Found a snail-covered altar of Cheibriados.
    27 | D        | Found a blossoming altar of Fedhas.
    27 | D        | Found a radiant altar of Vehumet.
    27 | D        | Found a glowing silver altar of Zin.
    27 | D        | Found a corrupted altar of Lugonu.
    27 | D        | Found a viscous altar of Jiyva.
    27 | D        | Found a roughly hewn altar of Beogh.
    27 | D        | Found an iron altar of Okawaru.
    33 | D        | Found a stormy altar of Qazlal.
    33 | D        | Found an opulent altar of Gozag.
    39 | D        | Became a worshipper of Qazlal Stormbringer
    39 | D        | Reached * piety under Qazlal
    39 | D        | Reached ** piety under Qazlal
    83 | D        | Reached skill level 1 in Throwing
    91 | D        | Noticed a brain worm
    91 | D        | Killed a brain worm
    91 | D        | Reached skill level 1 in Armour
    91 | D        | Reached skill level 5 in Unarmed Combat
    91 | D        | Reached XP level 2. HP: 29/32 MP: 1/1
    91 | D        | Reached XP level 3. HP: 35/39 MP: 2/2
    91 | D        | Reached XP level 4. HP: 43/48 MP: 3/3
    96 | D        | Reached *** piety under Qazlal
   104 | D        | Noticed Purgy
   121 | D        | Killed Purgy
   121 | D        | Reached skill level 5 in Fighting
   121 | D        | Reached skill level 5 in Dodging
   121 | D        | Reached skill level 6 in Unarmed Combat
   121 | D        | Reached XP level 5. HP: 44/57 MP: 4/4
   123 | D        | Paralysed by a giant eyeball for 4 turns
   128 | D        | Reached **** piety under Qazlal
   194 | D        | Noticed a fire bat
   196 | D        | Noticed a necrophage
   205 | D        | Killed a fire bat
   205 | D        | Reached skill level 7 in Unarmed Combat
   205 | D        | Reached XP level 6. HP: 44/67 MP: 4/6
   214 | D        | Reached ***** piety under Qazlal
   221 | D        | Reached skill level 8 in Unarmed Combat
   311 | D        | Reached XP level 7. HP: 74/76 MP: 8/8
   373 | D        | Reached skill level 5 in Throwing
   373 | D        | Reached skill level 9 in Unarmed Combat
   421 | D        | Noticed an orc knight
   421 | D        | Noticed an orc sorcerer
   421 | D        | Noticed a jumping spider
   423 | D        | Reached ****** piety under Qazlal
   424 | D        | Reached XP level 8. HP: 87/87 MP: 1/9
   425 | D        | Noticed an ice devil
   428 | D        | Killed an orc sorcerer
   428 | D        | Reached skill level 5 in Armour
   428 | D        | Reached skill level 10 in Unarmed Combat
   434 | D        | Killed a jumping spider
   436 | D        | Killed an orc knight
   436 | D        | Reached skill level 5 in Invocations
   436 | D        | Reached XP level 9. HP: 39/97 MP: 2/11
   657 | D        | Noticed a lindwurm
   657 | D        | Noticed a kobold demonologist
   657 | D        | Noticed an orc high priest
   659 | D        | Noticed an ice devil
   661 | D        | Noticed a sixfirhy
   663 | D        | Reached skill level 11 in Unarmed Combat
   667 | D        | Noticed a hellwing
   667 | D        | Noticed an orange demon
   668 | D        | Killed an orc high priest
   669 | D        | Noticed a smoke demon
   670 | D        | Killed a kobold demonologist
   670 | D        | Killed a lindwurm
   673 | D        | Reached XP level 10. HP: 42/110 MP: 13/13
   674 | D        | Reached skill level 10 in Fighting
   674 | D        | Reached skill level 10 in Dodging
   676 | D        | Reached skill level 12 in Unarmed Combat
   799 | D        | Noticed a black mamba
   805 | D        | Killed a black mamba
   809 | D        | Slain by a merfolk

Vault maps used:
D:        pitsprint

Action                   |  1- 3 |  4- 6 |  7- 9 | 10-12 || total
-------------------------+-------+-------+-------+-------++-------
Melee: Unarmed           |     8 |    50 |    57 |    16 ||   131
Throw: Stone             |       |    10 |     9 |       ||    19
Invok: Upheaval          |       |       |     1 |     1 ||     2
       Disaster Area     |       |       |     1 |       ||     1
  Use: Potion            |       |       |     2 |     1 ||     3
       Scroll            |       |       |     1 |       ||     1
  Eat: Chunk             |       |     3 |     9 |     1 ||    13
